 Dungeon Crawl Stone Soup version 0.20.0-8-g6b59dc7 (webtiles) character file.

7748 Chiseanne the Destroyer (level 11, 68/68 HPs)
             Began as a Demonspawn Wizard on June 1, 2017.
             Was an Elder of Vehumet.
             Quit the game on level 10 of the Dungeon.
             The game lasted 00:30:21 (12850 turns).

Chiseanne the Destroyer (Demonspawn Wizard)        Turns: 12850, Time: 00:30:21

Health: 68/68      AC:  8    Str: 14    XL:     11   Next: 0%
Magic:  26/35      EV: 11    Int: 24    God:    Vehumet [****..]
Gold:   557        SH:  6    Dex: 11    Spells: 13/32 levels left

rFire    . . .     SeeInvis .   a - +5 trident (venom)
rCold    . . .     Gourm    .   (no shield)
rNeg     + . .     Faith    .   H - +1 leather armour of the Four Hells {rElec Str+7 Slay-2}
rPois    .         Spirit   +   v - +1 helmet
rElec    +         Reflect  .   f - +1 cloak
rCorr    .         Harm     .   (no gloves)
MR       .....                  (no boots)
Stlth    +.........             A - amulet of guardian spirit
Regen    0.3/turn               K - ring of positive energy
MPRegen  0.3/turn               z - ring of magical power

@: no status effects
A: large bone plates 2, demonic guardian 1, spiny 2
a: Renounce Religion


You were on level 10 of the Dungeon.
You worshipped Vehumet.
Vehumet was greatly pleased with you.
You were not hungry.

You visited 2 branches of the dungeon, and saw 11 of its levels.
You also visited: Sewer.

You collected 557 gold pieces.

Inventory:

Hand Weapons
 a - a +5 trident of venom (weapon)
Missiles
 c - 64 sling bullets
 n - 23 tomahawks (quivered)
 o - 3 silver tomahawks
 p - 76 arrows
 y - 48 bolts
 B - 47 poisoned needles
Armour
 f - a +1 cloak (worn)
 h - a scarf of spirit shield
 v - a +1 helmet (worn)
 H - the +1 leather armour of the Four Hells (worn) {rElec Str+7 Slay-2}
   (You found it on level 7 of the Dungeon)

   It affects your strength (+7).
   It affects your accuracy and damage with ranged weapons and melee attacks
   (-2).
   It insulates you from electricity.
Jewellery
 z - a ring of magical power (right hand)
 A - an amulet of guardian spirit (around neck)
 K - a ring of positive energy (left hand)
Wands
 k - a wand of enslavement (0/24)
 q - a wand of iceblast (8/15)
 L - a wand of iceblast (6/15)
Scrolls
 b - 4 scrolls of magic mapping
 e - a scroll of identify
 r - 4 scrolls of remove curse
 C - a scroll of immolation
 D - a scroll of fog
 E - a scroll of blinking
 F - a scroll of amnesia
 G - 2 scrolls of enchant armour
 J - a scroll of teleportation
Potions
 g - 3 potions of cancellation
 i - 2 potions of brilliance {unknown}
 l - 2 potions of flight
 m - a potion of ambrosia
 s - 2 potions of curing
 w - a potion of lignification {unknown}
 x - 3 potions of haste
 M - a potion of might
Comestibles
 d - 4 bread rations
 j - 8 meat rations
 t - 3 fruits
 u - 2 royal jellies


   Skills:
 - Level 1.7 Dodging
 - Level 1.7 Stealth
 * Level 11.3 Spellcasting
 * Level 11.9 Conjurations
   Level 1.0 Summonings
 - Level 0.8 Translocations


You had 13 spell levels left.
You knew the following spells:

 Your Spells              Type           Power        Failure   Level  Hunger
a - Magic Dart            Conj           ####         1%          1    None
b - Searing Ray           Conj           ######       1%          2    None
c - Conjure Flame         Conj/Fire      #####...     1%          3    None
d - Mephitic Cloud        Conj/Pois/Air  ####....     1%          3    None
e - Stone Arrow           Conj/Erth      #####.       1%          3    None
f - Venom Bolt            Conj/Pois      #####.....   4%          5    ####...
g - Blink                 Tloc           N/A          6%          2    None


Dungeon Overview and Level Annotations

Branches:
Dungeon (10/15)            Temple (1/1) D:5
   Lair: D:8-11         Orc: D:9-12

Altars:
Dithmenos
Elyvilon
Hepliaklqana
Kikubaaqudgha
Makhleb
Nemelex Xobeh
Ru
Sif Muna
Vehumet
Zin
The Shining One


Innate Abilities, Weirdness & Mutations

You are mostly covered in large bone plates. (SH +6)
A weak demonic guardian rushes to your aid.
You are mostly covered in sharp spines.


Message History

Aim: a yak (severely wounded)
The stone arrow hits the yak.
The yak is almost dead.
Casting: Stone Arrow
Confirm with . or Enter, or press ? or * to list all spells.
Aiming: Stone Arrow
Press: ? - help, Shift-Dir - straight line, f/p - yak
Aim: a yak (almost dead)
Okay, then.
You barely miss the yak.
The yak is almost dead.
The yak gores you but does no damage. You block the yak's attack.
You hit the yak.
You kill the yak!
Vehumet accepts your kill.
You feel your power returning.
You have reached level 11!
Your demonic ancestry asserts itself...
You feel the presence of a demonic guardian.
Are you sure you want to abandon this character and quit the game? (Confirm with "yes".)

#########+#######Y
##.................
........@†>........
...................
...#....###..###..
#....# #..# #....#
#..# #..... ...#
....... ...#
.............
#############


There were no monsters in sight!

Vanquished Creatures
  3 two-headed ogres
  An unseen horror (D:7)
  A troll (D:9)
  A hornet (D:8)
  The ghost of endorz the Poker, an amateur MfSk (D:3)
  2 hippogriffs
  7 yaks
  2 orc warriors
  5 ice beasts
  3 ogres
  A sky beast (D:8)
  2 phantoms (D:9)
  A necrophage (D:8)
  A centaur (D:9)
  A wyvern zombie (D:10)
  4 bullfrogs
  A scorpion (D:5)
  5 killer bees
  3 wights (D:7)
  A howler monkey (D:8)
  A crimson imp (D:5)
  A bullfrog zombie (D:9)
  A jelly (D:5)
  2 hounds
  6 orc priests
  A centaur skeleton (D:4)
  6 iguanas
  Jessica (D:2)
  7 orc wizards
  Natasha (thrice) (D:2)
  4 worker ants
  A hound skeleton (D:8)
  2 worker ant zombies
  A gnoll (D:1)
  11 adders
  A river rat (D:6)
  2 shadow imps
  14 oozes (Sewer)
  A worm (D:3)
  A dart slug (D:2)
  14 leopard geckos
  30 orcs
  6 ball pythons
  3 bats (D:1)
  23 giant cockroaches
  3 goblins
  8 hobgoblins
  22 jackals
  2 kobolds (D:1)
  4 quokkas
  12 frilled lizards
  A jackal skeleton (D:5)
  A leopard gecko skeleton (D:5)
  10 rats
252 creatures vanquished.

Vanquished Creatures (collateral kills)
  A killer bee (D:7)
1 creature vanquished.

Vanquished Creatures (others)
  A wight (D:7)
1 creature vanquished.

Grand Total: 254 creatures vanquished

Notes
Turn   | Place    | Note
-------+----------+-------------------------------------------
     0 | D:1      | Chiseanne the Demonspawn Wizard began the quest for the Orb.
     0 | D:1      | Reached XP level 1. HP: 13/13 MP: 4/4
   306 | D:1      | Gained mutation: You are partially covered in large bone plates. (SH +4) [demonic ancestry]
   306 | D:1      | Reached XP level 2. HP: 13/19 MP: 1/6
   605 | D:1      | Reached XP level 3. HP: 24/24 MP: 4/8
  1314 | D:1      | Learned a level 2 spell: Blink
  1318 | D:1      | Learned a level 3 spell: Conjure Flame
  1322 | D:1      | Learned a level 3 spell: Mephitic Cloud
  1365 | D:2      | Noticed Jessica
  1370 | D:2      | Killed Jessica
  1370 | D:2      | Gained mutation: You are partially covered in sharp spines. [demonic ancestry]
  1370 | D:2      | Reached XP level 4. HP: 30/30 MP: 3/9
  1646 | D:2      | Noticed Natasha
  1649 | D:2      | Killed Natasha
  1655 | D:2      | Noticed Natasha
  1714 | D:2      | Killed Natasha
  1968 | D:2      | Noticed Natasha
  2225 | D:2      | Killed Natasha
  2225 | D:2      | Reached XP level 5. HP: 27/35 MP: 3/11
  3088 | D:3      | Noticed endorz's ghost (amateur MfSk)
  3105 | D:3      | Killed endorz's ghost
  3105 | D:3      | Reached skill level 5 in Spellcasting
  3105 | D:3      | Reached XP level 6. HP: 41/41 MP: 1/13
  4008 | D:4      | Reached skill level 5 in Conjurations
  4488 | D:4      | Gained mutation: You are mostly covered in large bone plates. (SH +6) [demonic ancestry]
  4488 | D:4      | Reached XP level 7. HP: 46/46 MP: 4/15
  4715 | D:5      | Entered Level 5 of the Dungeon
  4730 | D:5      | Found a staircase to the Ecumenical Temple.
  4745 | Temple   | Entered the Ecumenical Temple
  4797 | Temple   | Became a worshipper of Vehumet
  5876 | D:5      | Reached XP level 8. HP: 30/52 MP: 5/18
  6608 | D:5      | Reached * piety under Vehumet
  6608 | D:5      | Offered knowledge of Flame Tongue by Vehumet.
  7271 | D:6      | Found a glowing drain.
  7275 | Sewer    | Entered a sewer
  7492 | Sewer    | Offered knowledge of Searing Ray by Vehumet.
  7519 | Sewer    | Learned a level 2 spell: Searing Ray
  7522 | Sewer    | Reached ** piety under Vehumet
  7764 | Sewer    | Offered knowledge of Static Discharge by Vehumet.
  7811 | Sewer    | Reached *** piety under Vehumet
  8923 | D:7      | Got a polished leather armour
  8934 | D:7      | Identified the +1 leather armour of the Four Hells {rElec Str+7 Slay-2} (You found it on level 7 of the Dungeon)
  9015 | D:7      | Killed an unseen horror
  9015 | D:7      | Reached XP level 9. HP: 37/57 MP: 18/21
  9226 | D:7      | Offered knowledge of Olgreb's Toxic Radiance by Vehumet.
  9865 | D:8      | Paralysed by a hornet for 3 turns
  9867 | D:8      | Noticed a two-headed ogre
  9868 | D:8      | HP: 1/57 [poisoned by a hornet]
  9871 | D:8      | Paralysed by a hornet for 1 turns
 10380 | D:8      | Noticed a two-headed ogre
 10394 | D:8      | Killed a two-headed ogre
 10394 | D:8      | Reached skill level 10 in Conjurations
 10572 | D:8      | Gained mutation: You are mostly covered in sharp spines. [demonic ancestry]
 10572 | D:8      | Reached XP level 10. HP: 63/63 MP: 23/23
 10589 | D:8      | Learned a level 5 spell: Venom Bolt
 10653 | D:8      | Killed a two-headed ogre
 10653 | D:8      | Reached skill level 10 in Spellcasting
 11641 | D:9      | Reached **** piety under Vehumet
 11719 | D:9      | Offered knowledge of Stone Arrow by Vehumet.
 12073 | D:9      | Noticed a two-headed ogre
 12104 | D:9      | Killed a two-headed ogre
 12433 | D:9      | Learned a level 3 spell: Stone Arrow
 12762 | D:10     | Entered Level 10 of the Dungeon
 12849 | D:10     | Gained mutation: A weak demonic guardian rushes to your aid. [demonic ancestry]
 12849 | D:10     | Reached XP level 11. HP: 68/68 MP: 26/26
 12850 | D:10     | Quit the game

Skill      XL: |  1  2  3  4  5  6  7  8  9 10 |
---------------+-------------------------------+-----
Conjurations   | 2 3 4 5 6 8 10 11 | 11.9
Spellcasting   | 4 5 6 8 9 11 | 11.3
Dodging        | |  1.7
Stealth        | |  1.7
Summonings     | |  1.0
Translocations | |  0.8

Action                   |  1- 3 |  4- 6 |  7- 9 | 10-12 || total
-------------------------+-------+-------+-------+-------++-------
Melee: Short sword       |    33 |     3 |       |       ||    36
       Trident           |       |    17 |    62 |    43 ||   122
Throw: Tomahawk          |       |     3 |       |       ||     3
 Cast: Magic Dart        |    64 |   112 |   373 |   112 ||   661
       Conjure Flame     |       |     2 |     4 |     8 ||    14
       Mephitic Cloud    |       |     2 |    10 |    11 ||    23
       Searing Ray       |       |       |     7 |     9 ||    16
       Blink             |       |       |     4 |       ||     4
       Stone Arrow       |       |       |       |    12 ||    12
       Venom Bolt        |       |       |       |     4 ||     4
Evoke: Wand              |       |       |     5 |       ||     5
  Use: Scroll            |     5 |    12 |     7 |     1 ||    25
       Potion            |       |       |     4 |       ||     4
 Stab: Sleeping          |       |     1 |     1 |       ||     2
       Confused          |       |       |       |     2 ||     2
  Eat: Chunk             |     1 |     6 |    18 |     7 ||    32
       Bread ration      |       |     1 |       |       ||     1
       Fruit             |       |       |     1 |       ||     1
Armor: Robe              |     9 |     5 |     9 |       ||    23
       Leather armour    |       |       |    17 |    18 ||    35
Dodge: Dodged            |    31 |     8 |    50 |    19 ||   108
Block: Other             |     5 |     7 |    25 |     9 ||    46
